cohdb
Replays
Latest Replays
All Replays
Popular Replays
Top Player Replays
Match Explorer
How It Works
Community
CoH3 Stats
Reddit
Sign in to upload your games and track your stats! →
Sign in with Steam
Match 42698133
Unlisted
Match 42698133
Overview
Messages
Build Orders
End
Construct Section Command Post
Infantry Section
Selects Canadian Shock Battlegroup
Infantry Section
Infantry Section
Construct Field Infirmary
ML 3-inch Mortar Team
Grenade Package
Construct Platoon Command Post
Selects Offensive Resupply
Selects Canadian Shock Section
6-pounder Anti-tank Gun Team
Selects Incendiary Munitions
Infantry Training
Vickers Machine Gun Team
Selects Pyrotechnics
Team Weapon Training
CMP 15cwt Truck
6-pounder Anti-tank Gun Team
Selects Point Assault
Construct Company Command Post
Selects Demolition Engineering
Crusader II Medium Tank
Point Assault
Crusader II Medium Tank
Foot Guards Section
Point Assault
Crusader II Medium Tank
Point Assault
Crusader II Medium Tank
Crusader II Medium Tank
Point Assault
Crusader II Medium Tank
Unlock Towed 17-pounder Anti-tank Guns
17-pounder Anti-tank Gun Team
Point Assault
Point Assault
Matilda II Heavy Tank
Point Assault
Random_Target
just a chill world leader ♡
Major Storm
[38.] Nowhere Queen
0
0
Comments
sign in to comment!
No comments posted yet!